 Dungeon Crawl Stone Soup version 0.28-a0-425-gd0eccab798 (webtiles) character file.

Game seed: 12457088624432923474

2667 Zenkrye the Cleaver (level 9, -4/67 HPs)
             Began as a Palentonga Abyssal Knight on Sept 9, 2021.
             Was a Priest of Lugonu.
             Slain by a hornet (11 damage)
             ... on level 6 of the Dungeon.
             The game lasted 00:21:04 (9454 turns).

Zenkrye the Cleaver (Palentonga Abyssal Knight)     Turns: 9454, Time: 00:21:05

Health: -4/67      AC:  9    Str: 23    XL:     9   Next: 37%
Magic:  0/14       EV:  9    Int: 13    God:    Lugonu [***...]
Gold:   359        SH:  4    Dex:  9    Spells: 8/8 levels left

rFire   . . .      SeeInvis +   E - +7 war axe "Egruif" {vorpal, *Corrode Fly rN+++ Str+4}
rCold   . . .      Faith    .   H - +0 buckler
rNeg    + + +      Spirit   +   C - +1 ring mail of Bedevilment {rPois}
rPois   +          Reflect  .   (helmet restricted)
rElec   .          Harm     .   (no cloak)
rCorr   .          Rampage  .   (no gloves)
Will    .....      Rnd*Rage +   (no barding)
Stlth   +.........              y - amulet of guardian spirit
HPRegen 0.21/turn               (no ring)
MPRegen 0.14/turn               (no ring)

@: corroded, flying, curled up
A: large, rugged brown scales 3, see invisible, deformed body, roll 1, armoured
tail, reflexive curl, horns 2, berserk 1, sturdy frame 1
a: Rolling Charge, Renounce Religion, Depart the Abyss, Bend Space, Banish


You were on level 6 of the Dungeon.
You worshipped Lugonu.
Lugonu was most pleased with you.
You visited 1 branch of the dungeon, and saw 7 of its levels.
You visited the Abyss 1 time.
You also visited: Sewer.

You collected 359 gold pieces.

Inventory:

Hand Weapons
 a - a +2 hand axe
 v - a +0 vorpal hunting sling {@w2}
 E - the +7 war axe "Egruif" (weapon) {vorpal, *Corrode Fly rN+++ Str+4}
   (You found it on level 6 of the Dungeon)

   It inflicts extra damage upon your enemies.
   Str:       It affects your strength (+4).
   rN:        It renders you almost immune to negative energy.
   Fly:       It grants you flight.
   *Corrode:  It may corrode you when you take damage.
Missiles
 e - 50 sling bullets
 j - 2 throwing nets {!f}
 m - 11 silver boomerangs (quivered)
 s - 3 javelins
 B - 5 boomerangs
Armour
 b - a +0 leather armour
 f - a +0 tower shield
 C - the +1 ring mail of Bedevilment (worn) {rPois}
   (You found it on level 5 of the Dungeon)

   rPois:     It protects you from poison.
 H - a +0 buckler (worn)
Jewellery
 l - an amulet of the acrobat
 y - an amulet of guardian spirit (around neck)
Wands
 D - a wand of iceblast (18) {@v4}
 G - a wand of charming (10)
Scrolls
 k - 2 scrolls of fear
 p - 2 scrolls of magic mapping
 q - 2 scrolls of fog
 A - 3 scrolls of teleportation {@r3}
 F - a scroll of enchant weapon
Potions
 c - 3 potions of lignification
 d - a potion of curing {@q1}
 g - 2 potions of brilliance {unknown}
 h - a potion of ambrosia {unknown}
 i - a potion of berserk rage
 n - 3 potions of heal wounds {unknown}
 o - 2 potions of invisibility {unknown}
 r - 2 potions of flight {unknown}
 t - a potion of haste {unknown}
 u - 2 potions of mutation
 w - a potion of cancellation {unknown}
 x - a potion of magic
 z - 2 potions of resistance {@q6}


   Skills:
 - Level 3.1 Fighting
 * Level 10.1 Axes
 - Level 1.7 Armour
 - Level 1.0 Dodging
 + Level 2.9 Shields
 + Level 7.9 Invocations


You had 8 spell levels left.
You didn't know any spells.
Your spell library contained the following spells:

 Spells                   Type           Power      Damage    Failure   Level
 Freeze                   Ice            0%         1d3       36%         1
 Corpse Rot               Necr/Air       N/A        N/A       52%         2
 Sublimation of Blood     Necr           0%         N/A       52%         2
 Conjure Flame            Conj/Fire      0%         6-21      75%         3
 Frozen Ramparts          Ice            0%         1d2       75%         3
 Ignite Poison            Fire/Tmut/Pois 0%         N/A       75%         3
 Dispel Undead            Necr           0%         3d6       98%         4
 Hailstorm                Conj/Ice       0%         3d3       98%         4
 Petrify                  Tmut/Erth      0%         N/A       98%         4
 Sticky Flame             Conj/Fire      0%         2d3       98%         4
 Irradiate                Conj/Tmut      0%         3d13      100%        5
 Death Channel            Necr           0%         N/A       100%        6


Dungeon Overview and Level Annotations

Branches:
Dungeon (7/15)             Temple (0/1) D:4           Sewer (visited)

Altars:
Fedhas
Okawaru
Qazlal
Ru
Sif Muna
Zin

Shops:
D:6 =

Annotations:
Abyss:1 Harold


Innate Abilities, Weirdness & Mutations

You are completely covered in rugged brown scales. (AC +3, +7% HP)
You have supernaturally acute eyesight. (SInv)
Armour fits poorly on your strangely shaped body.
You can roll at nearby foes to attack.
You have a long armoured tail.
You curl defensively after being hit.
You have a pair of horns on your head.
You tend to lose your temper in combat.
Your movements are slightly less encumbered by armour. (ER -2)


Message History

You tail-slap the hornet, but do no damage.
The hornet is heavily wounded.
The hornet stings you but does no damage.
The hornet stings you!
You are poisoned.
You completely miss the hornet.
The hornet is heavily wounded.
You feel sick. You block the hornet's attack.
You hit the hornet but do no damage.
The hornet is heavily wounded.
You feel sick. You block the hornet's attack. The hornet stings you.
You closely miss the hornet. Your headbutt misses the hornet.
The hornet is heavily wounded.
You feel sick. The hornet barely misses you.
You barely miss the hornet. You headbutt the hornet.
The hornet is severely wounded.
You feel sick. The hornet misses you. You block the hornet's attack.
You closely miss the hornet.
Your tail-slap misses the hornet.
The hornet is severely wounded.
You feel sick. The hornet stings you.
* * * LOW HITPOINT WARNING * * *
Your corrosive artefact corrodes you!
You feel yourself slow down.
You closely miss the hornet. Your headbutt misses the hornet.
You tail-slap the hornet, but do no damage.
The hornet is severely wounded.
You feel sick. The hornet stings you!
* * * LOW HITPOINT WARNING * * *
The hornet stings you.
* * * LOW HITPOINT WARNING * * *
Okay, then.
You miss the hornet.
Your tail-slap misses the hornet.
The hornet is severely wounded.
You feel yourself speed up.
You feel sick.
You are no longer poisoned.
The hornet closely misses you.
The hornet stings you but does no damage.
The hornet stings you!
You die...

#..#..#..# #.#
#..#..#..###.######
##..#..#.>..........
#...#..#..###.######
#####..#..# #.#
#......#..# #.#
###.#.....# #.######
#.....#.####.#.....
#.@#<.<.#....#.####
#.y#<...#.####..#
#...............#
##.#######.####..#
#.(...........#..#
##########....#..#
###############..#
#................#
####.###########.###


You could see a hornet.

Vanquished Creatures
  Menkaure (D:4)
  An orc warrior (D:6)
  A sky beast (D:6)
  3 ogres
  A centaur (D:5)
  A phantom (D:4)
  4 bullfrogs
  A water moccasin skeleton (D:5)
  A howler monkey (D:6)
  A bullfrog zombie (D:7)
  3 jellies
  4 orc priests
  3 hounds (D:6)
  A centaur skeleton (D:7)
  2 orc wizards
  3 iguanas
  2 ogre zombies (D:6)
  Robin (D:4)
  3 gnolls (D:4)
  A howler monkey skeleton (D:7)
  8 adders
  An orc zombie (D:6)
  5 river rats (Sewer)
  2 ufetubi
  A worm (D:2)
  2 dart slugs
  9 orcs
  4 bats
  7 endoplasms
  4 giant cockroaches
  11 goblins
  10 hobgoblins
  3 kobolds
  A quokka (D:1)
  21 ball pythons
  3 frilled lizards (D:1)
  34 rats
164 creatures vanquished.

Notes
Turn   | Place    | Note
-------+----------+-------------------------------------------
     0 | Abyss:1  | Zenkrye the Palentonga Abyssal Knight began the quest for
                  | the Orb.
     0 | Abyss:1  | Reached XP level 1. HP: 19/19 MP: 2/2
   165 | Abyss:1  | Noticed a small abomination
   165 | Abyss:1  | Noticed a large abomination
   166 | D:1      | Escaped the Abyss
   315 | D:1      | Reached skill level 1 in Dodging
   317 | D:1      | Reached XP level 2. HP: 24/25 MP: 3/3
   456 | D:1      | Reached * piety under Lugonu
   534 | D:1      | You fall into a shaft and drop 1 floor!
   541 | D:2      | Reached XP level 3. HP: 16/31 MP: 4/4
  1232 | D:2      | Reached skill level 3 in Axes
  1403 | D:2      | Reached XP level 4. HP: 28/37 MP: 4/6
  1581 | D:2      | Found an iron altar of Okawaru.
  2144 | D:3      | Found a glowing drain.
  2149 | Sewer    | Entered a sewer
  2169 | Sewer    | Reached ** piety under Lugonu
  2541 | Sewer    | Reached skill level 4 in Axes
  2751 | Sewer    | Reached XP level 5. HP: 20/43 MP: 2/7
  3213 | Sewer    | Reached skill level 5 in Axes
  3215 | Sewer    | Reached XP level 6. HP: 48/50 MP: 4/9
  3436 | D:3      | Found a faded altar of an unknown god.
  3660 | D:3      | You fall into a shaft and drop 1 floor!
  3948 | D:4      | Noticed Menkaure
  3963 | D:4      | HP: 1/50 [Menkaure (9)]
  3964 | D:4      | Gained mutation: You tend to lose your temper in combat.
                  | [potion of mutation]
  3964 | D:4      | Gained mutation: You have a pair of small horns on your
                  | head. [potion of mutation]
  3964 | D:4      | Gained mutation: Your movements are slightly less
                  | encumbered by armour. (ER -2) [potion of mutation]
  3964 | D:4      | Gained mutation: You have a pair of horns on your head.
                  | [potion of mutation]
  3966 | D:4      | Killed Menkaure
  3966 | D:4      | Reached *** piety under Lugonu
  3967 | D:4      | Reached skill level 6 in Axes
  4758 | D:4      | Gained mutation: You curl defensively after being hit.
                  | [Palentonga growth]
  4758 | D:4      | Reached XP level 7. HP: 44/55 MP: 10/10
  4849 | D:4      | Reached skill level 5 in Invocations
  4978 | D:4      | Noticed Robin
  5140 | D:4      | Killed Robin
  5175 | D:4      | Found a staircase to the Ecumenical Temple.
  5880 | D:5      | Entered Level 5 of the Dungeon
  5922 | D:5      | Reached skill level 7 in Axes
  6011 | D:5      | Identified the +1 ring mail of Bedevilment {rPois}
  6397 | D:5      | Found a stormy altar of Qazlal.
  6622 | D:5      | Reached XP level 8. HP: 49/62 MP: 10/12
  6704 | D:5      | Found a glowing silver altar of Zin.
  6966 | D:5      | Found a shimmering blue altar of Sif Muna.
  7024 | D:6      | Reached skill level 8 in Axes
  7306 | D:6      | Found a transporter.
  7387 | D:6      | Found Ehu Akyc's Jewellery Boutique.
  7423 | D:6      | Found a transporter.
  7444 | D:6      | Identified the +7 war axe "Egruif" {vorpal, *Corrode Fly
                  | rN+++ Str+4}
  8043 | D:6      | Reached skill level 1 in Shields
  8327 | D:7      | Reached skill level 9 in Axes
  8699 | D:7      | Found a blossoming altar of Fedhas.
  8955 | D:7      | Found a sacrificial altar of Ru.
  9037 | D:7      | Noticed Harold
  9042 | D:7      | Banished Harold
  9043 | D:7      | Reached skill level 10 in Axes
  9043 | D:7      | Reached XP level 9. HP: 67/67 MP: 9/14
  9454 | D:6      | Slain by a hornet

Illustrated notes

Levels and vault maps discovered:
D:1:      dpeg_arrival_tiny_d, layout_basic, minmay_ruptured
D:2:      layout_rooms, basic_altar
D:3:      layout_basic, gup_sewer_entry_bowl, shapermc_ecumenical_altar_ellora
D:4:      layout_basic, minmay_temple_entry_trees, uniq_robin, uniq_menkaure
D:5:      layout_basic, mainiacjoe_overflow_alcove_4, kennysheep_mini_moat,
          grunt_qazlal_clouds
D:6:      gammafunk_cloud_chamber, layout_basic, minmay_shop_enchanted_jewellery
D:7:      layout_layer_cave, nicolae_ru_path_of_blood, fedhas_altar_1,
          uniq_harold

Skill      XL: |  1  2  3  4  5  6  7  8 |
---------------+-------------------------+-----
Dodging        | 1 |  1.0
Axes           | 3 4 5 6 7 10 | 10.1
Invocations    | 3 4 6 7 |  7.9
Shields        | 2 |  2.9
Fighting       | |  3.1
Armour         | |  1.7

Action                   |  1- 3 |  4- 6 |  7- 9 || total
-------------------------+-------+-------+-------++-------
Melee: Hand axe          |    93 |   187 |   127 ||   407
       Tailslap          |     5 |    10 |    19 ||    34
       Headbutt          |       |     4 |    28 ||    32
       War axe           |       |       |    59 ||    59
 Fire: Hunting sling     |       |       |    33 ||    33
Throw: Javelin           |       |     4 |       ||     4
       Boomerang         |       |       |    18 ||    18
Invok: Depart the Abyss  |     1 |       |       ||     1
       Bend Space        |       |     1 |       ||     1
       Banish            |       |       |     2 ||     2
 Abil: Rolling Charge    |     1 |     1 |     4 ||     6
  Use: Scroll            |       |    10 |     4 ||    14
       Potion            |       |     5 |       ||     5
Armor: Leather armour    |    48 |    54 |     8 ||   110
       Ring mail         |       |       |    45 ||    45
Dodge: Dodged            |    46 |    83 |    72 ||   201
Block: Buckler           |       |       |     9 ||     9

Table legend: (Time is in decaauts)
 A = Elapsed time spent in this place.
 B = Non-inter-level travel time spent in this place.
 C = Inter-level travel time spent in this place.
 D = Time resting spent in this place.
 E = Time spent auto-exploring this place.
 F = Levels seen in this place.
 G = Mean time per level.
                   A        B        C        D        E       F      G
               +--------+--------+--------+--------+--------+-----+--------+
         Total |   9578 |   9401 |    177 |   1934 |   6103 |   9 | 1064.2 |
       Dungeon |   8141 |   7964 |    177 |   1429 |   5439 |   7 | 1163.0 |
         Abyss |    167 |    167 |      0 |      0 |    161 |   1 |  167.0 |
         Sewer |   1268 |   1268 |      0 |    505 |    502 |   1 | 1268.0 |
               +--------+--------+--------+--------+--------+-----+--------+

Top non-repeatable levels by time:
     D:4: 1602 daAuts
     D:6: 1427 daAuts
   Sewer: 1268 daAuts
     D:3: 1129 daAuts
     D:5: 1109 daAuts
     D:7: 1046 daAuts
     D:2: 1014 daAuts
     D:1: 811 daAuts
 Abyss:1: 167 daAuts
